 Dungeon Crawl Stone Soup version 0.31.0-1-g2c135a008e (webtiles) character file.

Game seed: 16768820078881737387

427 qw the Shooter (level 7, 0/52 HPs)
             Began as a Djinni Hunter on Jan 23, 2024.
             Slain by an orc priest
             ... wielding a +0 war axe
              (6 damage)
             ... on level 4 of the Dungeon.
             The game lasted 00:00:15 (3043 turns).

qw the Shooter (Djinni Hunter)                      Turns: 3043, Time: 00:00:15

Health: 0/52       AC: 11    Str: 10    XL:     7   Next: 18%
Gold:   200        EV: 11    Int: 11    God:
                   SH:  0    Dex: 18

rFire   + + .        a - +0 shortbow
rCold   x . .        (shield currently unavailable)
rNeg    . . .        l - +0 ring mail
rPois   inf          f - +2 helmet
rElec   .            (no cloak)
rCorr   .            h - +2 pair of gloves
SInv    +            (boots unavailable)
Will    .....        i - amulet of regeneration
Stlth   +            j - ring of see invisible
HPRegen 1.08/turn    (no ring)
MPRegen 0.00/turn

%: infuse magic (-1 HP)
@: flying
A: sickness immunity, fire resistance 2, cold vulnerability 1, float, innate
caster, HP casting, extra vitality 1, MP-powered wands
a: no special abilities


You were on level 4 of the Dungeon.
You visited 1 branch of the dungeon, and saw 4 of its levels.

You collected 200 gold pieces.


Innate Abilities, Weirdness & Mutations

You are immune to sickness and miasma.
You are immune to poison.
Your flesh is very heat resistant. (rF++)
You are vulnerable to cold. (rC-)
You float through the air rather than walking.
You learn spells naturally, not from books.
Your magical power is your life essence.
You have superior vitality. (+4 MHP)
You expend health (3 HP) to strengthen your wands.


   Skills:
 - Level 4.2 Fighting
 + Level 5.3 Ranged Weapons
 - Level 1.7 Armour
 - Level 3.0 Dodging
 - Level 0.7 Stealth


You knew the following spells:

 Your Spells              Type           Power      Damage    Failure   Level
a - Sting                 Conj/Alch      0%         1d3       65%         1
b - Scorch                Fire           0%         2d5       80%         2
c - Stone Arrow           Conj/Erth      0%         3d7       95%         3
Your spell library was empty.

Inventory:

Hand Weapons
 a - a +0 shortbow (weapon)
Armour
 f - a +2 helmet (worn)
 h - a +2 pair of gloves (worn)
 l - a +0 ring mail (worn)
Jewellery
 i - an amulet of regeneration (around neck)
 j - a ring of see invisible (left hand)
Scrolls
 b - a scroll of enchant armour {unknown}
Potions
 g - a potion of enlightenment
 k - a potion of invisibility {unknown}
 m - a potion of magic {unknown}

Dungeon Overview and Level Annotations

Branches:
Dungeon (4/15)
 Temple: D:4-7

Altars:
Xom

Shops:
D:4 *


Message History

The iguana is heavily wounded.
The iguana bites you but does no damage.
The orc priest calls down the wrath of Beogh upon you.
Beogh smites you!
You shoot an arrow. The arrow closely misses the iguana.
The iguana misses you.
The orc priest calls down the wrath of Beogh upon you.
Beogh smites you!
You shoot an arrow. The arrow barely misses the iguana.
The iguana barely misses you. The orc priest closely misses you.
You shoot an arrow. The arrow hits the iguana.
The iguana is severely wounded.
The iguana bites you.
The orc priest mumbles some strange prayers to Beogh against you.
Beogh smites you!
You shoot an arrow. The arrow hits the iguana.
The iguana is severely wounded.
The iguana bites you. The orc priest closely misses you.
The orc priest hits you with a +0 war axe.
The iguana closely misses you.
You shoot an arrow.
The arrow hits the iguana but does no damage.
The iguana is severely wounded.
The iguana bites you but does no damage.
The orc priest barely misses you.
You shoot an arrow.
The arrow hits the iguana but does no damage.
The iguana is severely wounded.
The iguana bites you but does no damage.
The orc priest invokes the aid of Beogh against you.
Pain shoots through your body!
You shoot an arrow. The arrow barely misses the iguana.
The iguana bites you. The orc priest misses you.
You shoot an arrow.
The arrow hits the iguana but does no damage.
The iguana is severely wounded.
The iguana bites you.
The orc priest looks braver for a moment.
The orc priest hits you with a +0 war axe.
You die...

#.....$.# #...~...# ###
#..~~~..# ##.## ..!~...
###...### ..... #....##.# ...
####.......####l####...
##..#....(...##.@.......
.......#....#....o......
..##).##................
##.[)....##.............
...)#..####..#.........#
.#.##........###....#...
##...........# #....#...
..##.........###.###....#.....##
...........)).....###. #......##


You could see an iguana and an orc priest.

Vanquished Creatures
  A brain worm (D:4)
  2 orc priests (D:3)
  5 orc wizards
  Robin (D:4)
  5 adders
  A dart slug (D:2)
  19 orcs
  8 bats
  8 endoplasms
  4 giant cockroaches
  14 goblins
  8 hobgoblins
  4 jackals (D:1)
  3 kobolds (D:1)
  4 quokkas
  9 ball pythons
  4 frilled lizards
  3 rats
103 creatures vanquished.

Notes
Turn   | Place    | Note
-------+----------+-------------------------------------------
     0 | D:1      | qw the Djinni Hunter began the quest for the Orb.
     0 | D:1      | Reached XP level 1. HP: 18/18 MP: 0/0
     0 | D:1      | 0 ||| qw: Version: 0.3-a-132-g3d54051
     0 | D:1      | 0 ||| qw: Game counter: 657
     0 | D:1      | 0 ||| qw: Melee chars always use a shield: true
     0 | D:1      | 0 ||| qw: God list: Okawaru
     0 | D:1      | 0 ||| qw: Allow faded altars: false
     0 | D:1      | 0 ||| qw: Do Orc after clearing Dungeon:15 true
     0 | D:1      | 0 ||| qw: Do second Lair branch before Depths: true
     0 | D:1      | 0 ||| qw: Lair rune preference: random
     0 | D:1      | 0 ||| qw: Goals: Normal
     0 | D:1      | 0 ||| PLANNING D:1-11
    81 | D:1      | Reached XP level 2. HP: 23/23 MP: 0/0
   280 | D:1      | Reached XP level 3. HP: 28/28 MP: 0/0
   280 | D:1      | Learned a level 1 spell: Sting
   301 | D:1      | Reached skill level 4 in Ranged Weapons
   827 | D:1      | 827 ||| UPGRADING to +2 helmet.
   832 | D:1      | 832 ||| UPGRADING to +2 pair of gloves.
   837 | D:1      | 837 ||| UPGRADING to amulet of regeneration.
   842 | D:1      | 842 ||| DROPPING scroll of butterflies.
  1081 | D:2      | 1081 ||| FLEEEEING.
  1086 | D:2      | 1086 ||| FLEEEEING.
  1091 | D:2      | 1091 ||| STAIRDANCE
  1097 | D:1      | 1097 ||| UPGRADING to ring of see invisible.
  1098 | D:1      | 1098 ||| READING scroll labelled ONALADOEVO.
  1314 | D:2      | Reached XP level 4. HP: 34/34 MP: 0/0
  1347 | D:2      | Reached skill level 3 in Fighting
  1643 | D:3      | Reached skill level 1 in Armour
  1661 | D:3      | Reached skill level 3 in Dodging
  1661 | D:3      | Reached XP level 5. HP: 40/40 MP: 0/0
  1661 | D:3      | Learned a level 2 spell: Scorch
  2178 | D:3      | 2178 ||| DRINKING fuming orange potion.
  2178 | D:3      | Gained mutation: Your mind is acute. (Int +4, Str/Dex -1)
                  | [potion of mutation]
  2178 | D:3      | Lost mutation: Your mind is acute. (Int +4, Str/Dex -1)
                  | [potion of mutation]
  2178 | D:3      | Gained mutation: You expend health (3 HP) to strengthen
                  | your wands. [potion of mutation]
  2179 | D:3      | 2179 ||| DRINKING blue potion.
  2180 | D:3      | 2180 ||| DRINKING green potion.
  2181 | D:3      | 2181 ||| DRINKING murky black potion.
  2183 | D:3      | Reached XP level 6. HP: 46/46 MP: 0/0
  2365 | D:3      | Found a faded altar of an unknown god.
  2549 | D:3      | 2549 ||| UPGRADING to +0 ring mail.
  2559 | D:3      | 2559 ||| DROPPING +0 leather armour.
  2602 | D:4      | Found Vasmap's Mass Market.
  2614 | D:4      | Reached skill level 5 in Ranged Weapons
  2663 | D:4      | Noticed Robin
  2705 | D:4      | Killed Robin
  2706 | D:4      | 2706 ||| FLEEEEING.
  2865 | D:4      | 2865 ||| FLEEEEING.
  2866 | D:4      | 2866 ||| FLEEEEING.
  2867 | D:4      | 2867 ||| FLEEEEING.
  2868 | D:4      | 2868 ||| FLEEEEING.
  2869 | D:4      | 2869 ||| FLEEEEING.
  2870 | D:4      | 2870 ||| FLEEEEING.
  2872 | D:4      | 2872 ||| FLEEEEING.
  2873 | D:4      | 2873 ||| FLEEEEING.
  2874 | D:4      | 2874 ||| STAIRDANCE
  2896 | D:3      | 2896 ||| DROPPING ring of wizardry.
  2897 | D:3      | 2897 ||| READING scroll labelled GAPRIJ BUIXIM.
  2898 | D:3      | 2898 ||| READING 2 scrolls labelled DASKOUCIRR.
  2898 | D:3      | 2898 ||| IDENTIFYING brown potion
  2899 | D:3      | 2899 ||| READING scroll of identify.
  2899 | D:3      | 2899 ||| IDENTIFYING emerald potion
  2900 | D:3      | 2900 ||| DROPPING potion of degeneration.
  2921 | D:4      | Reached XP level 7. HP: 42/52 MP: 0/0
  2921 | D:4      | Learned a level 3 spell: Stone Arrow
  2921 | D:4      | 2921 ||| STAIRDANCE
  2923 | D:3      | 2923 ||| FLEEEEING.
  2942 | D:4      | Found a shimmering altar of Xom.
  3041 | D:4      | HP: 11/52 [orc priest/nerve-wracking pain (11)]
  3043 | D:4      | Slain by an orc priest

Levels and vault maps discovered:
D:1:      co_arrival_square_in_a_square_in_a_square, layout_basic,
          chequers_serial_rivers_marsh
D:2:      layout_loops_cross
D:3:      layout_loops_corners, basic_ecumenical_altar
D:4:      layout_cave_pools, xom_butterflies, minmay_shop_mass,
          kennysheep_generic_room_8, uniq_robin

Skill      XL: |  1  2  3  4  5  6 |
---------------+-------------------+-----
Ranged Weapons | 4 5 |  5.3
Fighting       | 3 4 |  4.2
Armour         | 1 |  1.7
Dodging        | 3 |  3.0
Stealth        | |  0.7

Action                     |  1- 3 |  4- 6 |  7- 9 || total
---------------------------+-------+-------+-------++-------
   Fire: Shortbow          |   100 |   205 |    40 ||   345
    Use: Scroll            |     1 |     3 |       ||     4
         Potion            |       |     4 |       ||     4
 Armour: Leather armour    |    37 |    36 |       ||    73
         Ring mail         |       |   126 |    19 ||   145
  Dodge: Dodged            |    52 |   137 |    15 ||   204

Table legend:
 A = Non-vault XP
 B = Vault XP
 C = Vault XP percentage of total XP
 D = Non-vault monster count
 E = Vault monster count
 F = Vault count percentage of total count
                 A         B        C        D         E       F
            +---------+---------+-------+---------+---------+-------
      Total |     477 |     133 |  21.8 |      88 |      15 |  14.6
            +---------+---------+-------+---------+---------+-------
        D:1 |      40 |       0 |   0.0 |      24 |       0 |   0.0
        D:2 |      49 |       0 |   0.0 |      14 |       0 |   0.0
        D:3 |     244 |       0 |   0.0 |      31 |       0 |   0.0
        D:4 |     144 |     133 |  48.0 |      19 |      15 |  44.1
            +---------+---------+-------+---------+---------+-------
